 Dungeon Crawl Stone Soup version 0.19-a0-1361-g42bf4bf (webtiles) character file.

268 IcyTea the Caller (level 6, 24/24 HPs)
             Began as a Felid Summoner on Sept 2, 2016.
             Was an Initiate of Nemelex Xobeh.
             Quit the game on level 5 of the Dungeon.
             The game lasted 00:25:46 (5447 turns).

IcyTea the Caller (Felid Summoner)                  Turns: 5447, Time: 00:25:47

Health: 24/24      AC:  2    Str:  7    XL:     6   Next: 0%
Magic:  13/13      EV: 18    Int: 19    God:    Nemelex Xobeh [......]
Gold:   135        SH:  0    Dex: 16    Spells: 3 memorised, 6 levels left
                                        Lives:  1   Deaths: 1

rFire  . . .     SeeInvis +       - Unarmed
rCold  . . .     Gourm    .     (armour unavailable)
rNeg   . . .     Faith    .     (shield unavailable)
rPois  .         Spirit   .     (helmet unavailable)
rElec  .         Dismiss  .     (cloak unavailable)
rCorr  .         Reflect  .     (gloves unavailable)
MR     .....     Harm     .     (boots unavailable)
Stlth  +++.......               (no amulet)
                                (no ring)
                                k - +3 ring of strength

@: quick
A: no armour, no weapons or thrown items, claws 1, fangs 3, see invisible,
carnivore 3, speed 1, shaggy fur 2, slow metabolism 1, sharp paws
a: Renounce Religion


You were on level 5 of the Dungeon.
You worshipped Nemelex Xobeh.
Nemelex Xobeh was noncommittal.
You were not hungry.

You visited 2 branches of the dungeon, and saw 6 of its levels.

You collected 135 gold pieces.

Inventory:

Jewellery
 k - a +3 ring of strength (left paw)
 m - an uncursed ring of fire
Scrolls
 h - a scroll of identify
 l - 2 scrolls of remove curse
 o - 2 scrolls of fear
Potions
 c - a potion of curing
 d - a potion of flight
 e - 2 potions of ambrosia
Books
 a - a book of Callings

   Spells                             Type                      Level
   a - Summon Small Mammal            Summoning                    1
   b - Call Imp                       Summoning                    2
   c - Call Canine Familiar           Summoning                    3
   d - Summon Guardian Golem          Hexes/Summoning              3
   e - Summon Lightning Spire         Summoning/Air                4
   f - Summon Ice Beast               Ice/Summoning                4
Miscellaneous
 f - a plain deck of summoning
Comestibles
 b - 2 meat rations
 g - a chunk of flesh
 j - 2 slices of pizza
 n - a beef jerky


   Skills:
 - Level 2.6 Dodging
 - Level 4.1 Stealth
 - Level 3.0 Unarmed Combat
 + Level 4.2 Spellcasting
 - Level 5.0 Summonings
 - Level 3.0 Ice Magic


You had 6 spell levels left.
You knew the following spells:

 Your Spells              Type           Power        Failure   Level  Hunger
a - Summon Small Mammal   Summ           ###.         1%          1    None
b - Call Imp              Summ           ###.....     2%          2    #......
c - Summon Ice Beast      Ice/Summ       ###.....     28%         4    ####...


Dungeon Overview and Level Annotations

Branches:
Dungeon (5/15)             Temple (1/1) D:5

Altars:
Ashenzari
Cheibriados
Dithmenos
Elyvilon
Fedhas
Gozag
Hepliaklqana
Kikubaaqudgha
Makhleb
Nemelex Xobeh
Okawaru
Qazlal
Ru
Sif Muna
Trog
Uskayaw
Vehumet
Xom
Yredelemnul
Zin
The Shining One

Shops:
D:4 :


Innate Abilities, Weirdness & Mutations

You cannot wear armour.
You are incapable of wielding weapons or throwing items.
You have sharp claws.
You have razor-sharp teeth.
You have supernaturally acute eyesight. (SInv)
You are carnivorous and can eat meat at any time.
You cover ground quickly.
You are covered in thick fur. (AC +2)
You have a slow metabolism.
Your sharp claws are effective at attacking unaware monsters.


Message History

The centaur hits you.
* * * LOW HITPOINT WARNING * * *
The centaur completely misses you.
You scratch the centaur but do no damage.
The centaur is heavily wounded.
The centaur barely misses you.
Your white imp hits the centaur.
Your white imp freezes the centaur.
You scratch the centaur but do no damage.
The centaur is severely wounded.
The centaur hits you!
You die...
Your white imp hits the centaur.
Your white imp freezes the centaur.
The centaur dies!
Your Spellcasting skill increases to level 4!
You have reached level 7!
Extra life!
You are now level 6!
You rejoin the land of the living...
Found a stone staircase leading down.
Are you sure you want to abandon this character and quit the game? (Confirm with "yes".)

#5# #.#.#
#)#####.#.#
#†#...>.#.#
##.###5#.#####.#
!.........# #.#
###.###...#####.###
#..[.........#
#.#..#.#=..#.#
#.#...@)...#.#
#.#........# #
#.##......##
#.#.#..# ........#
..#.......
.######.### #> ..


You could see a friendly white imp.

Vanquished Creatures
  An iguana (D:4)
  An orc wizard (D:4)
  A hound skeleton (D:4)
  An adder (D:4)
  An adder skeleton (D:4)
  3 worms
  A dart slug (D:3)
  2 giant geckos
  6 orcs
  A giant cockroach (D:3)
  8 goblins
  5 hobgoblins
  5 kobolds
  2 quokkas (D:5)
  A ball python (D:4)
  7 bats
  A giant gecko skeleton (D:4)
  5 giant newts
  14 rats
66 creatures vanquished.

Vanquished Creatures (collateral kills)
  The ghost of nago the Conjurer, an amateur NaWz of Trog (D:3)
  A centaur (D:5)
  2 ogres
  An orc priest (D:3)
  A hound (D:4)
  Crazy Yiuf (D:5)
  An orc wizard (D:4)
  2 worker ants (D:4)
  4 adders
  An ooze (D:1)
  2 worms (D:2)
  A dart slug (D:1)
  6 orcs
  2 giant cockroaches
  2 goblins
  3 kobolds
  2 bats (D:1)
  A giant newt (D:1)
  2 rats (D:1)
36 creatures vanquished.

Grand Total: 102 creatures vanquished

Notes
Turn   | Place    | Note
-------+----------+-------------------------------------------
     0 | D:1      | IcyTea the Felid Summoner began the quest for the Orb.
     0 | D:1      | Reached XP level 1. HP: 7/7 MP: 4/4
    22 | D:1      | Reached skill level 1 in Unarmed Combat
   116 | D:1      | Reached XP level 2. HP: 3/11 MP: 4/6
   134 | D:1      | Learned a level 2 spell: Call Imp
  1391 | D:2      | Found an opulent altar of Gozag.
  1495 | D:2      | Reached XP level 3. HP: 14/14 MP: 1/7
  2702 | D:3      | Noticed nago's ghost (amateur NaWz)
  2938 | D:3      | Reached XP level 4. HP: 18/18 MP: 8/8
  2956 | D:3      | Learned a level 4 spell: Summon Ice Beast
  3254 | D:3      | Killed nago's ghost
  3254 | D:3      | Reached XP level 5. HP: 21/21 MP: 4/9
  3546 | D:4      | Found Siwneen's Book Shop.
  3676 | D:4      | Noticed an ogre
  3687 | D:4      | Killed an ogre
  3687 | D:4      | Gained mutation: You are covered in thick fur. (AC +2) [Felid growth]
  3687 | D:4      | Reached XP level 6. HP: 24/24 MP: 5/10
  3716 | D:4      | Reached skill level 5 in Summonings
  4766 | D:5      | Entered Level 5 of the Dungeon
  4887 | D:5      | Found a staircase to the Ecumenical Temple.
  4891 | Temple   | Entered the Ecumenical Temple
  4966 | Temple   | Became a worshipper of Nemelex Xobeh the Trickster
  5002 | D:5      | Received a gift from Nemelex Xobeh
  5192 | D:5      | Found a runed door.
  5196 | D:5      | Noticed Crazy Yiuf
  5203 | D:5      | Killed Crazy Yiuf
  5446 | D:5      | Slain by a centaur
  5446 | D:5      | Reached XP level 7. HP: 1/27 MP: 8/14
  5447 | D:5      | Reached XP level 6. HP: 1/24 MP: 8/13
  5447 | D:5      | Quit the game

Vault maps used:
D:1:      minmay_arrival_diagonal_passages, minmay_pentomino_x2
D:2:      lemuel_statue_altar
D:3:      first_bread
D:4:      serial_shops, nicolae_shop_crystal
D:5:      uniq_crazy_yiuf_cottage
Temple:   dpeg_three_leaves_temple

Skill      XL: |  1  2  3  4  5  6 |
---------------+-------------------+-----
Unarmed Combat | 1 2 3 |  3.0
Stealth        | 3 4 |  4.1
Ice Magic      | 2 3 |  3.0
Summonings     | 5 |  5.0
Spellcasting   | 4 |  4.2
Dodging        | |  2.6

Action                   |  1- 3 |  4- 6 |  7- 9 || total
-------------------------+-------+-------+-------++-------
Melee: Unarmed           |    95 |   123 |       ||   218
       Bite              |     3 |    11 |       ||    14
       Punch             |       |     5 |       ||     5
 Cast: Summon Small Mamm |     2 |       |       ||     2
       Call Imp          |    25 |    38 |       ||    63
       Summon Ice Beast  |       |     2 |       ||     2
  Use: Scroll            |     3 |     7 |       ||    10
       Potion            |     1 |     6 |       ||     7
 Stab: Sleeping          |    13 |     9 |       ||    22
  Eat: Chunk             |    11 |     9 |       ||    20
Armor: Skin              |     4 |    11 |       ||    15
Dodge: Dodged            |    65 |    91 |       ||   156
